 Dungeon Crawl Stone Soup version 0.30-a0-1161-g0704695555 (webtiles) character file.

Game seed: 1304835669229875165

9 elagabalus the Chopper (level 2, 23/27 HPs)
             Began as a Minotaur Berserker on Apr 27, 2023.
             Was a Follower of Trog.
             Quit the game on level 1 of the Dungeon.
             The game lasted 00:01:52 (167 turns).

elagabalus the Chopper (Minotaur Berserker)          Turns: 167, Time: 00:01:53

Health: 23/27      AC:  2    Str: 21    XL:     2   Next: 3%
Magic:  1/1        EV: 12    Int:  4    God:    Trog [*.....]
Gold:   25         SH:  0    Dex:  9    Spells: 1/1 levels left

rFire   . . .        a - +0 hand axe
rCold   . . .        (no shield)
rNeg    . . .        b - +0 animal skin
rPois   .            (helmet restricted)
rElec   .            (no cloak)
rCorr   .            (no gloves)
SInv    .            (no boots)
Will    .....        (no amulet)
Stlth   +            (no ring)
HPRegen 0.24/turn    (no ring)
MPRegen 0.07/turn

%: no passive effects
@: no status effects
A: horns 2, retaliatory headbutt
a: Renounce Religion, Berserk


You were on level 1 of the Dungeon.
You worshipped Trog.
Trog was aware of your devotion.
You visited 1 branch of the dungeon, and saw 1 of its levels.

You collected 25 gold pieces.

Inventory:

Hand Weapons
 a - a +0 hand axe (weapon)
Armour
 b - a +0 animal skin (worn)
Scrolls
 c - a scroll of silence {unknown}
 d - a scroll of teleportation {unknown}
 e - 2 scrolls of enchant armour {unknown}


   Skills:
 * Level 4.0 Fighting
 * Level 4.0 Axes
 - Level 2.4 Armour
 - Level 2.1 Dodging


You had one spell level left.
You didn't know any spells.
Your spell library was empty.

Dungeon Overview and Level Annotations

Branches:
Dungeon (1/15)

Altars:


Innate Abilities, Weirdness & Mutations

You have a pair of horns on your head.
You reflexively headbutt those who attack you in melee.


Message History

The quokka bites you.
You completely miss the quokka. Your headbutt misses the quokka.
The quokka is severely wounded.
The quokka barely misses you.
You miss the quokka.
The quokka is severely wounded.
The quokka bites you. The quokka barely misses you.
You closely miss the quokka. Your punch misses the quokka.
The quokka is severely wounded.
The quokka closely misses you.
You hit the quokka.
You kill the quokka!
Trog accepts your kill.
Your Axes skill increases to level 4!
You see here a quokka corpse.
You now have 17 gold pieces (gained 12).
You now have 25 gold pieces (gained 8).
c - a scroll labelled RURUADI LIELUA
d - a scroll labelled LOD QEJADOOL A ball python comes into view.
The ball python hisses angrily.
A bat comes into view.
Found a fizzy purple potion and a whip.
You see here 2 scrolls labelled PEGECK YCANA.
e - 2 scrolls labelled PEGECK YCANA
Found a red potion.
The bat closely misses you. The ball python closely misses you.
The ball python misses you.
You hit the ball python.
The ball python is heavily wounded.
You barely miss the bat. The bat misses you. You furiously retaliate!
You headbutt the bat!
You kill the bat!
Trog accepts your kill. The ball python barely misses you.
The ball python closely misses you.
You hit the ball python.
You kill the ball python!
Trog accepts your kill.
Your Fighting skill increases to level 4!
You have reached level 2!
Are you sure you want to abandon this character and quit the game? (Confirm with "yes".)

#.#.......######..##.#.
#.#.......# #....###
#.##..†...# #<.###.#
#.........# #....##.
#.........# #..##...
#.........# ########
#.####.##.# ...####.#
.# ####....@# .#
#.##..# .. .....# .
!...... #.!....#
#....... #....)..
#.......


There were no monsters in sight!

Vanquished Creatures
  A ball python (D:1)
  2 bats (D:1)
  A giant cockroach (D:1)
  A goblin (D:1)
  A quokka (D:1)
  2 kobolds (D:1)
8 creatures vanquished.

Notes
Turn   | Place    | Note
-------+----------+-------------------------------------------
     0 | D:1      | elagabalus the Minotaur Berserker began the quest for the
                  | Orb.
     0 | D:1      | Reached XP level 1. HP: 19/19 MP: 0/0
   167 | D:1      | Reached XP level 2. HP: 23/27 MP: 1/1
   167 | D:1      | Quit the game

Illustrated notes

Levels and vault maps discovered:
D:1:      dpeg_arrival_signposts, layout_basic, chequers_garden, minmay_tall_x

Skill      XL: |  1 |
---------------+----+-----
Axes           | 4 |  4.0
Fighting       | 4 |  4.0
Armour         | |  2.4
Dodging        | |  2.1

Action                     || total
---------------------------++-------
  Melee: Hand axe          ||    19
 Armour: Animal skin       ||     1
  Dodge: Dodged            ||    14

Table legend: (Time is in decaauts)
 A = Elapsed time spent in this place.
 B = Non-inter-level travel time spent in this place.
 C = Inter-level travel time spent in this place.
 D = Time resting spent in this place.
 E = Time spent auto-exploring this place.
 F = Levels seen in this place.
 G = Mean time per level.
                   A        B        C        D        E       F      G
               +--------+--------+--------+--------+--------+-----+--------+
         Total |    169 |     65 |    104 |      0 |      0 |   1 |  169.0 |
       Dungeon |    169 |     65 |    104 |      0 |      0 |   1 |  169.0 |
               +--------+--------+--------+--------+--------+-----+--------+

Top non-repeatable levels by time:
     D:1: 169 daAuts
